 Dungeon Crawl Stone Soup version 0.26.0-10-g1f06aea511 (console) character file.

Game seed: 5814848043880779290

144 doot the Firebug (level 4, -3/34 HPs)
             Began as a Demigod Fire Elementalist on Feb 8, 2021.
             Slain by Purgy (8 damage)
             ... in a sewer.
             The game lasted 00:06:36 (4469 turns).

doot the Firebug (Demigod Fire Elementalist)        Turns: 4469, Time: 00:06:37

Health: -3/34      AC:  4    Str: 11    XL:     4   Next: 76%
Magic:  3/10       EV: 12    Int: 21    God:
Gold:   190        SH:  0    Dex: 16    Spells: 0/8 levels left

rFire    . . .     SeeInvis .   k - +0 dagger
rCold    . . .     Faith    .   (no shield)
rNeg     . . .     Spirit   .   a - +0 robe
rPois    .         Reflect  .   m - +1 hat
rElec    .         Harm     .   (no cloak)
rCorr    .         Rampage  .   i - +0 pair of gloves
Will     .....                  (no boots)
Stlth    ++........             (no amulet)
HPRegen  0.11/turn              (no ring)
MPRegen  0.12/turn              (no ring)

@: very slightly contaminated
A: high mp 1
a: no special abilities


You were in a sewer.
You visited 1 branch of the dungeon, and saw 4 of its levels.
You also visited: Sewer.

You collected 190 gold pieces.

Inventory:

Hand Weapons
 k - a +0 dagger (weapon)
Armour
 a - a +0 robe (worn)
 i - a +0 pair of gloves (worn)
 m - a +1 hat (worn)
Scrolls
 c - a scroll of fog {unknown}
 d - 4 scrolls of identify {unknown}
 f - 2 scrolls of enchant armour {unknown}
 h - a scroll of fear {unknown}
 j - 3 scrolls of amnesia {unknown}
Potions
 b - a potion of haste
 e - a potion of curing


   Skills:
 + Level 0.4 Fighting
 + Level 1.8 Dodging
 + Level 2.4 Stealth
 + Level 2.7 Spellcasting
 + Level 2.0 Conjurations
 + Level 3.7 Fire Magic


You couldn't memorise any spells.
You knew the following spells:

 Your Spells              Type           Power        Failure   Level
a - Foxfire               Conj/Fire      60%          4%          1
b - Conjure Flame         Conj/Fire      15%          12%         3
c - Sticky Flame          Conj/Fire      15%          38%         4

Your spell library contained the following spells:

 Spells                   Type           Power        Failure   Level
 Inner Flame              Hex/Fire       10%          19%         3
 Fireball                 Conj/Fire      7%           75%         5


Dungeon Overview and Level Annotations

Branches:
Dungeon (4/15)              Sewer (1/1)
 Temple: D:4-7

Annotations:
Sewer Purgy


Innate Abilities, Weirdness & Mutations

You have an increased reservoir of magic. (+10% MP)


Message History

Purgy burns!
The foxfire hits Purgy but does no damage.
Purgy is severely wounded.
Purgy bites you.
* * * LOW HITPOINT WARNING * * *
Purgy claws you but does no damage. Purgy claws you.
* * * LOW HITPOINT WARNING * * *
Unknown command.
Casting: Foxfire (safe; 4% risk of failure)
Confirm with . or Enter, or press ? or * to list all spells.
You miscast Foxfire.
You are very lightly contaminated with residual magic.
Nothing appears to happen.
Purgy burns!
Purgy misses you. Purgy claws you.
* * * LOW HITPOINT WARNING * * *
Purgy barely misses you.
Unknown command.
Casting: Foxfire (safe; 4% risk of failure)
Confirm with . or Enter, or press ? or * to list all spells.
You conjure some foxfire!
Purgy burns!
Purgy bites you!
You die...

≈≈≈##≈#≈#≈#≈≈≈##
###≈≈≈≈≈≈≈≈≈≈≈≈≈≈≈≈≈≈#
#≈≈≈≈≈≈≈≈≈≈≈≈≈≈≈≈≈≈≈≈#
#≈≈≈≈≈≈≈≈≈≈≈≈≈≈≈≈≈≈≈≈###
##≈≈≈≈≈≈≈≈≈≈≈≈≈≈≈≈≈≈≈≈≈≈##
##≈≈≈≈≈≈≈≈≈≈≈≈≈≈≈≈≈≈≈≈≈≈≈≈#
≈≈≈≈≈≈≈≈≈≈≈≈≈≈≈≈≈≈≈≈≈≈≈≈≈≈≈
≈≈≈≈≈≈≈≈≈≈≈≈≈≈≈≈≈v≈≈≈≈≈≈≈≈#
≈≈≈≈≈≈≈.≈≈≈≈≈.##@≈≈≈≈≈≈≈≈≈≈
≈≈≈≈≈≈.##.#≈####vT.≈≈≈≈≈≈≈≈
≈≈≈≈≈≈#####.# ####≈≈≈≈≈≈≈≈
≈≈≈≈≈≈# #.# #≈≈≈≈≈≈≈≈
≈≈≈≈.## #≈# .≈≈≈≈≈≈≈≈
≈≈≈≈.# #.# ##.≈≈≈≈≈≈≈
≈≈≈≈## #≈# ###.≈≈≈≈≈ ≈≈≈≈#
#.# .≈≈≈≈≈ ≈≈≈.# ?≈! #≈≈≈≈≈
≈≈≈.# .≈≈≈≈ ≈≈.##


You could see Purgy (burning).

Vanquished Creatures
  4 adders
  An ooze (D:2)
  2 worms
  4 dart slugs
  A leopard gecko (D:3)
  5 orcs (D:3)
  2 giant cockroaches
  13 goblins
  9 hobgoblins
  7 jackals
  2 quokkas
  4 ball pythons
  4 bats
  11 frilled lizards
  9 kobolds
  5 rats
83 creatures vanquished.

Vanquished Creatures (others)
  236 foxfires
236 creatures vanquished.

Grand Total: 319 creatures vanquished

Notes
Turn   | Place    | Note
-------+----------+-------------------------------------------
     0 | D:1      | doot the Demigod Fire Elementalist began the quest for the
                  | Orb.
     0 | D:1      | Reached XP level 1. HP: 14/14 MP: 5/5
    62 | D:1      | Reached skill level 1 in Conjurations
   394 | D:1      | Reached XP level 2. HP: 18/20 MP: 2/7
   463 | D:1      | Reached skill level 3 in Fire Magic
  1283 | D:2      | Reached XP level 3. HP: 26/26 MP: 3/8
  1498 | D:2      | Found a hazy altar of Hepliaklqana.
  1669 | D:2      | Learned a level 3 spell: Conjure Flame
  1801 | D:2      | Found a radiant altar of Vehumet.
  3157 | D:3      | Reached XP level 4. HP: 29/33 MP: 5/10
  3203 | D:3      | Found a faded altar of an unknown god.
  3426 | D:3      | Learned a level 4 spell: Sticky Flame
  4232 | D:4      | Found a glowing drain.
  4250 | Sewer    | Entered a sewer
  4449 | Sewer    | Noticed Purgy
  4469 | Sewer    | Slain by Purgy

Illustrated notes

Levels and vault maps discovered:
D:1:      minmay_arrival_solitary_statue, layout_basic, minmay_distorted
D:2:      minmay_angry_zag, layout_loops_ring, vehumet_crystals,
          lemuel_doored_altar
D:3:      minmay_inner_zag, layout_rooms, chequers_ecumenical_altar_island
D:4:      layout_gridville, nicolae_overflow_hidden_temple,
          cheibrodos_sewer_entry_drain
Sewer:    sewer_co_purgy_island

Skill      XL: |  1  2  3  4 |
---------------+-------------+-----
Conjurations   | 1 2 |  2.0
Spellcasting   | 2 |  2.7
Fire Magic     | 3 |  3.7
Stealth        | 2 |  2.4
Fighting       | |  0.4
Dodging        | |  1.8

Action                   |  1- 3 |  4- 6 || total
-------------------------+-------+-------++-------
Melee: Dagger            |       |     4 ||     4
       Unarmed           |       |     2 ||     2
 Cast: Foxfire           |    95 |    68 ||   163
       Sticky Flame      |       |     1 ||     1
  Use: Potion            |       |     4 ||     4
 Stab: Sleeping          |       |     1 ||     1
Armor: Robe              |     3 |    15 ||    18
Dodge: Dodged            |    21 |    28 ||    49
